 Dungeon Crawl Stone Soup version 0.21.0-3-g78d12a8 (webtiles) character file.

2460 Megalobster the Basher (level 9, -1/56 HPs)
             Began as a Gargoyle Monk on Jan 13, 2018.
             Was a Believer of the Shining One.
             Slain by a rust devil (10 damage)
             ... on level 6 of the Dungeon.
             The game lasted 00:21:13 (7789 turns).

Megalobster the Basher (Gargoyle Monk)              Turns: 7789, Time: 00:21:14

Health: -1/56      AC: -6    Str: 18    XL:     9   Next: 50%
Magic:  12/12      EV: 13    Int: 16    God:    the Shining One [**....]
Gold:   77         SH:  0    Dex: 12    Spells: 8/8 levels left

rFire    . . .     SeeInvis .   C - +1 flail (holy)
rCold    . . .     Gourm    .   (no shield)
rNeg     + + .     Faith    .   z - +0 scale mail
rPois    ∞         Spirit   .   (no helmet)
rElec    +         Reflect  .   (no cloak)
rCorr    +         Harm     .   B - +2 pair of gloves {Str+3}
MR       +....                  M - +3 pair of boots "Haatt" {rElec MR+ Str-3 Int+5}
Stlth    +.........             (no amulet)
HPRegen  0.18/turn              I - +1 ring of evasion
MPRegen  0.13/turn              N - ring of resist corrosion

@: corroded, berserk cooldown, slowed, glowing, very slow
A: negative energy resistance 1, electricity resistance, unbreathing,
petrification resistance, rot immunity, AC +6
a: Divine Shield, Renounce Religion


You were on level 6 of the Dungeon.
You worshipped the Shining One.
The Shining One was pleased with you.
You were not hungry.

You visited 2 branches of the dungeon, and saw 8 of its levels.

You collected 381 gold pieces.
You spent 304 gold pieces at shops.

Inventory:

Hand Weapons
 a - a +0 mace
 g - a +0 whip
 k - a +2 mace of crushing
 n - a +0 hunting sling
 w - a +2 hand axe of chopping
 C - a +1 flail of holy wrath (weapon)
 D - a +0 whip of electrocution
Missiles
 o - 175 stones (quivered)
 p - 50 sling bullets
 r - 17 tomahawks
Armour
 b - a +0 robe
 e - a +0 leather armour
 v - a +0 ring mail
 y - a +0 plate armour
 z - a +0 scale mail (worn)
 B - a +2 pair of gloves of strength (worn)
 M - the +3 pair of boots "Haatt" (worn) {rElec MR+ Str-3 Int+5}
   (You bought it in a shop on level 5 of the Dungeon)

   It affects your strength (-3).
   It affects your intelligence (+5).
   It insulates you from electricity.
   It affects your resistance to hostile enchantments.
Jewellery
 G - a +2 ring of intelligence
 I - a +1 ring of evasion (left hand)
 L - an uncursed amulet of harm
 N - a ring of resist corrosion (right hand)
Wands
 P - a wand of flame (29)
Scrolls
 d - 6 scrolls of remove curse {@r2}
 f - 2 scrolls of magic mapping {unknown}
 j - a scroll of fog {unknown}
 l - 2 scrolls of random uselessness {unknown}
 m - 2 scrolls of teleportation
 u - 2 scrolls of amnesia {unknown}
 x - 3 scrolls of immolation
 E - 2 scrolls of blinking {unknown}
 J - 2 scrolls of noise {unknown}
Potions
 h - a potion of ambrosia
 i - 2 potions of cancellation {unknown}
 q - 2 potions of berserk rage
 s - 2 potions of resistance
 t - 4 potions of brilliance
 A - a potion of invisibility
 H - a potion of mutation {unknown}
 K - 3 potions of flight
 Q - a potion of haste {unknown}
Books
 F - a book of Misfortune

   Spells                             Type                      Level
   a - Confusing Touch                Hexes                        1
   b - Confuse                        Hexes                        3
   c - Gell's Gravitas                Translocation                3
   d - Petrify                        Transmutation/Earth          4
   e - Metabolic Englaciation         Hexes/Ice                    5
   f - Yara's Violent Unravelling     Hexes/Transmutation          5
Comestibles
 c - 10 rations
 O - 2 chunks of flesh


   Skills:
 + Level 6.6 Fighting
 * Level 8.0 Maces & Flails
 + Level 5.4 Armour
 + Level 5.0 Dodging
 - Level 2.2 Stealth
 * Level 4.8 Invocations


You had 8 spell levels left.
You didn't know any spells.

Dungeon Overview and Level Annotations

Branches:
Dungeon (7/15)             Temple (1/1) D:5

Altars:
Ashenzari
Cheibriados
Dithmenos
Elyvilon
Fedhas
Gozag
Hepliaklqana
Makhleb
Nemelex Xobeh
Okawaru
Qazlal
Ru
Sif Muna
Trog
Uskayaw
Vehumet
Wu Jian
Xom
Yredelemnul
Zin
The Shining One

Shops:
D:5 [   D:6 (


Innate Abilities, Weirdness & Mutations

You are resistant to torment.
Your stone body is resilient. (AC +6)
You are immune to poison.
You resist negative energy. (rN+)
You are resistant to electric shocks. (rElec)
You can survive without breathing.
You are immune to petrification.
You are immune to rotting.


Message History

You are no longer berserk.
You are exhausted.
You feel yourself slow down.
You now have 15/56 hp.
You hit the rust devil but do no damage.
The rust devil hits you.
* * * LOW HITPOINT WARNING * * *
The rust devil corrodes you! The rust devil hits you.
* * * LOW HITPOINT WARNING * * *
The rust devil corrodes you!
You take 7 damage, and have 8/56 hp.
You hit the rust devil but do no damage.
The rust devil closely misses you.
You barely miss the rust devil. The rust devil closely misses you.
The rust devil barely misses you.
You hit the rust devil but do no damage.
The rust devil barely misses you.
You barely miss the rust devil. The rust devil barely misses you.
The rust devil hits you!
You die...

.......'........#
.###.###........# .#
#.# ##.#.....###
.###.####...###...##
.......#..### ###..#
....####.##)#+#)##.##
.##.# #..#♣.....♣#..#
.##.# #.##.....4.##.#
.##.# #.#∩...8.)@>#.#
.##.# #.##.....).##.#
.##.###..#♣.....♣#..#
.##......##)#+#)##.##
.######...### ###..#
.# #.#...###...## .#
#...#.....### .#
#...##.####
.########.#..#


You could see a rust devil.

Vanquished Creatures
  A rust devil (D:6)
  Grinder (D:3)
  2 sky beasts (D:6)
  3 orc warriors
  2 centaurs
  3 bullfrogs
  2 howler monkeys
  2 crimson imps
  2 bullfrog zombies (D:5)
  A jelly (D:6)
  3 orc priests
  2 centaur skeletons
  3 hounds (D:5)
  3 orc wizards
  A gnoll shaman (D:4)
  A bullfrog skeleton (D:5)
  An iguana (D:7)
  2 worker ants
  A killer bee zombie (D:5)
  9 gnolls
  8 river rats (D:5)
  11 adders
  3 oozes
  3 worms
  2 dart slugs
  4 leopard geckos
  13 orcs
  4 giant cockroaches
  4 goblins
  5 hobgoblins
  12 jackals
  9 kobolds
  9 quokkas
  2 ball pythons (D:3)
  9 bats
  5 frilled lizards
  A quokka zombie (D:5)
  26 rats
175 creatures vanquished.

Notes
Turn   | Place    | Note
-------+----------+-------------------------------------------
     0 | D:1      | Megalobster the Gargoyle Monk began the quest for the Orb.
     0 | D:1      | Reached XP level 1. HP: 14/14 MP: 1/1
   388 | D:1      | Reached XP level 2. HP: 15/19 MP: 2/2
  1192 | D:2      | Reached skill level 1 in Armour
  1192 | D:2      | Reached XP level 3. HP: 23/23 MP: 3/3
  1615 | D:2      | Reached XP level 4. HP: 29/29 MP: 4/4
  2195 | D:3      | Reached skill level 4 in Maces & Flails
  2346 | D:3      | Noticed Grinder
  2381 | D:3      | Paralysed by Grinder for 4 turns
  2389 | D:3      | Killed Grinder
  2389 | D:3      | Reached XP level 5. HP: 16/34 MP: 5/5
  2389 | D:3      | Reached XP level 6. HP: 19/39 MP: 6/6
  2629 | D:3      | Reached skill level 5 in Maces & Flails
  3135 | D:4      | Reached XP level 7. HP: 39/44 MP: 7/7
  3934 | D:5      | Entered Level 5 of the Dungeon
  3945 | D:5      | Found a shadowy altar of Dithmenos.
  3973 | D:5      | Reached skill level 5 in Fighting
  4156 | D:5      | Reached skill level 6 in Maces & Flails
  4420 | D:5      | Reached XP level 8. HP: 50/50 MP: 8/8
  4873 | D:5      | Found a staircase to the Ecumenical Temple.
  4880 | Temple   | Entered the Ecumenical Temple
  4968 | Temple   | Became a worshipper of the Shining One
  4968 | Temple   | Reached * piety under the Shining One
  4968 | Temple   | Reached ** piety under the Shining One
  5174 | D:5      | Found Sota Zitt's Antique Armour Emporium.
  5299 | D:5      | Reached skill level 1 in Invocations
  6452 | D:6      | Reached skill level 7 in Maces & Flails
  6832 | D:5      | Bought a pair of steaming boots for 304 gold pieces
  6837 | D:5      | Identified the +3 pair of boots "Haatt" {rElec MR+ Str-3 Int+5} (You bought it in a shop on level 5 of the Dungeon)
  7090 | D:6      | Found Tereabol's Weapon Shop.
  7177 | D:6      | Reached XP level 9. HP: 55/55 MP: 11/11
  7272 | D:7      | Found a shimmering altar of Xom.
  7574 | D:7      | Reached skill level 5 in Armour
  7758 | D:6      | Noticed a rust devil
  7758 | D:6      | Noticed a rust devil
  7783 | D:6      | Killed a rust devil
  7783 | D:6      | Reached skill level 8 in Maces & Flails
  7783 | D:6      | Reached skill level 5 in Dodging
  7789 | D:6      | Slain by a rust devil

Skill      XL: |  1  2  3  4  5  6  7  8  9 |
---------------+----------------------------+-----
Armour         | 1 2 3 4 5 |  5.4
Maces & Flails | 4 5 6 7 8 |  8.0
Fighting       | 4 5 6 |  6.6
Dodging        | 3 4 5 |  5.0
Invocations    | 3 4 |  4.8
Stealth        | |  2.2

Action                   |  1- 3 |  4- 6 |  7- 9 || total
-------------------------+-------+-------+-------++-------
Melee: Mace              |    87 |    99 |       ||   186
       Flail             |       |    27 |   401 ||   428
  Use: Scroll            |       |     5 |     4 ||     9
       Potion            |       |     2 |     3 ||     5
 Stab: Sleeping          |     2 |     2 |       ||     4
       Invisible         |       |     3 |       ||     3
       Distracted        |       |     1 |       ||     1
  Eat: Chunk             |     2 |     5 |     9 ||    16
       Ration            |       |       |     2 ||     2
Armor: Leather armour    |    37 |    54 |   116 ||   207
       Robe              |     1 |       |       ||     1
       Scale mail        |       |       |    48 ||    48
Dodge: Dodged            |    63 |   110 |   267 ||   440
